 Dungeon Crawl Stone Soup version 0.27-a0-1365-ge71e8f7681 (webtiles) character file.

Game seed: 4053188128323549685

241 Nattfarinn the Stinger (level 6, -4/47 HPs)
             Began as a Formicid Venom Mage on June 28, 2021.
             Slain by a water moccasin zombie (7 damage)
             ... on level 5 of the Dungeon.
             The game lasted 00:07:39 (5653 turns).

Nattfarinn the Stinger (Formicid Venom Mage)        Turns: 5653, Time: 00:07:40

Health: -4/47      AC:  2    Str: 15 (16) XL:     6   Next: 30%
Magic:  8/12       EV: 12    Int: 15      God:
Gold:   203        SH:  0    Dex: 10 (11) Spells: 3/13 levels left

rFire    . . .     SeeInvis +   b - +0 whip
rCold    . . .     Faith    .   (no shield)
rNeg     . . .     Spirit   .   a - +0 robe
rPois    .         Reflect  .   (helmet unavailable)
rElec    .         Harm     .   (no cloak)
rCorr    .         Rampage  .   (no gloves)
Will     .....                  (no boots)
Stlth    ++........             (no amulet)
HPRegen  0.15/turn              (no ring)
MPRegen  0.13/turn              (no ring)

@: no status effects
A: permanent stasis, dig shafts and tunnels, antennae 3, four strong arms,
deterioration 1, strong 1, evolution 1
a: Dig, Shaft Self


You were on level 5 of the Dungeon.
You visited 1 branch of the dungeon, and saw 5 of its levels.

You collected 203 gold pieces.

Inventory:

Hand Weapons
 b - a +0 whip (weapon)
Armour
 a - a +0 robe (worn)
 d - a +0 leather armour
Jewellery
 g - a +6 ring of intelligence
Wands
 p - a wand of digging (4)
 q - a wand of iceblast (4)
Scrolls
 e - 4 scrolls of noise {unknown}
 f - a scroll of fog {unknown}
 i - 2 scrolls of teleportation {unknown}
 j - 2 scrolls of identify {unknown}
 l - 2 scrolls of amnesia {unknown}
Potions
 c - a potion of mutation
 h - a potion of haste {unknown}
 k - 2 potions of degeneration {unknown}
 m - 4 potions of heal wounds
 n - a potion of brilliance {unknown}
 o - a potion of invisibility {unknown}
 r - 2 potions of curing {unknown}


   Skills:
 + Level 3.0 Fighting
 - Level 1.7 Dodging
 - Level 2.4 Stealth
 - Level 4.0 Spellcasting
 - Level 1.1 Transmutations
 * Level 6.2 Poison Magic


You had 3 spell levels left.
You knew the following spells:

 Your Spells              Type           Power      Damage    Failure   Level
a - Sting                 Tmut/Pois      56%        1d5       4%          1
b - Poisonous Vapours     Pois/Air       24%        N/A       8%          2
c - Olgreb's Toxic Radia  Pois           21%        N/A       14%         4
d - Ignite Poison         Fire/Tmut/Pois 10%        N/A       21%         3

Your spell library contained the following spells:

 Spells                   Type           Power      Damage    Failure   Level
 Magic Dart               Conj           12%        1d3       19%         1
 Summon Small Mammal      Summ           12%        N/A       19%         1
 Mephitic Cloud           Conj/Pois/Air  9%         N/A       22%         3
 Call Imp                 Summ           3%         N/A       26%         2
 Slow                     Hex            3%         N/A       26%         2
 Call Canine Familiar     Summ           3%         N/A       47%         3
 Conjure Flame            Conj/Fire      3%         6-21      47%         3
 Summon Guardian Golem    Hex/Summ       3%         N/A       47%         3
 Summon Ice Beast         Ice/Summ       3%         N/A       87%         4
 Summon Lightning Spire   Summ/Air       3%         N/A       87%         4
 Blink                    Tloc           Unusable   N/A       N/A         2

Dungeon Overview and Level Annotations

Branches:
Dungeon (5/15)
 Temple: D:4-7

Altars:
Dithmenos
Gozag
Qazlal
The Shining One

Shops:
D:1 *   D:2 (

Annotations:
D:2 1 runed translucent door, Crazy Yiuf


Innate Abilities, Weirdness & Mutations

You cannot be hasted, slowed, berserked, paralysed or teleported.
You can dig through walls and to a lower floor.
You have a pair of large antennae on your head. (SInv)
Your four strong arms can wield two-handed weapons with a shield.
Your body sometimes deteriorates upon taking damage.
Your muscles are strong. (Str +2)
You evolve.


Message History

The water moccasin zombie is moderately damaged.
The water moccasin zombie bites you!
You barely miss the water moccasin zombie.
The water moccasin zombie is moderately damaged.
The water moccasin zombie bites you.
You barely miss the water moccasin zombie.
The water moccasin zombie is moderately damaged.
The water moccasin zombie barely misses you.
The water moccasin zombie bites you but does no damage.
You hit the water moccasin zombie but do no damage.
The water moccasin zombie is moderately damaged.
The water moccasin zombie bites you.
You hit the water moccasin zombie.
The water moccasin zombie is moderately damaged.
The water moccasin zombie bites you.
You are too injured to fight recklessly!
You are too injured to fight recklessly!
You are too injured to fight recklessly!
You are too injured to fight recklessly!
You are too injured to fight recklessly!
You are too injured to fight recklessly!
You are too injured to fight recklessly!
You are too injured to fight recklessly!
The water moccasin zombie bites you.
Your body deteriorates!
You feel weakened.
Aiming: Iceblast
Press: ? - help, Shift-Dir - straight line, f/p - water moccasin zombie
Aim: a water moccasin zombie (moderately damaged) That beam is likely to hit you.
Continue anyway?
The mass of ice explodes!
The iceblast engulfs the water moccasin zombie.
The water moccasin zombie partially resists.
The water moccasin zombie is heavily damaged.
The iceblast engulfs you!
* * * LOW HITPOINT WARNING * * *
Your body deteriorates!
You feel clumsy. The water moccasin zombie bites you!
You die...

#....#
#.#.##
#.#.##
#.#<.#
#.####
#.#
#.#
#.#
#@#
#Z#
#.#
#.#
#.#
..#
###


You could see a water moccasin zombie.

Vanquished Creatures
  A bullfrog (D:4)
  A hound (D:4)
  An orc priest (D:3)
  A jelly (D:4)
  A howler monkey skeleton (D:4)
  An adder (D:4)
  An adder skeleton (D:4)
  2 dart slugs
  3 orcs (D:3)
  2 endoplasms
  2 giant cockroaches
  3 goblins (D:1)
  3 hobgoblins
  8 quokkas
  8 ball pythons
  3 bats
  A frilled lizard (D:1)
  13 kobolds
  6 rats
61 creatures vanquished.

Notes
Turn   | Place    | Note
-------+----------+-------------------------------------------
     0 | D:1      | Nattfarinn the Formicid Venom Mage began the quest for the
                  | Orb.
     0 | D:1      | Reached XP level 1. HP: 13/13 MP: 3/3
   771 | D:1      | Reached XP level 2. HP: 20/20 MP: 0/5
   880 | D:1      | Found Xinaerig's Assorted Antiques.
  1270 | D:1      | Reached skill level 1 in Fighting
  1312 | D:1      | Reached XP level 3. HP: 26/26 MP: 2/7
  1870 | D:1      | Found a faded altar of an unknown god.
  1981 | D:1      | Learned a level 2 spell: Poisonous Vapours
  2586 | D:2      | Found a runed translucent door.
  2587 | D:2      | Noticed Crazy Yiuf
  2722 | D:2      | Found Qeas's Weapon Shop.
  2851 | D:3      | Found a shadowy altar of Dithmenos.
  2853 | D:3      | Found a glowing golden altar of the Shining One.
  3715 | D:3      | Found a stormy altar of Qazlal.
  3717 | D:3      | Found an opulent altar of Gozag.
  4054 | D:3      | Reached XP level 4. HP: 9/32 MP: 0/8
  4297 | D:3      | HP: 1/32 [orc priest (5)]
  4299 | D:3      | Gained mutation: You sometimes lose the ability to read
                  | scrolls when taking damage. [potion of mutation]
  4299 | D:3      | Gained mutation: Armour fits poorly on your strangely
                  | shaped body. [potion of mutation]
  4299 | D:3      | Gained mutation: You evolve. [potion of mutation]
  4303 | D:3      | Lost mutation: You sometimes lose the ability to read
                  | scrolls when taking damage. [potion of mutation]
  4303 | D:3      | Lost mutation: Armour fits poorly on your strangely shaped
                  | body. [potion of mutation]
  4303 | D:3      | Gained mutation: Your muscles are strong. (Str +2) [potion
                  | of mutation]
  4555 | D:4      | Reached XP level 5. HP: 37/38 MP: 6/10
  4773 | D:4      | Reached skill level 5 in Poison Magic
  4778 | D:4      | Learned a level 4 spell: Olgreb's Toxic Radiance
  4782 | D:4      | Learned a level 3 spell: Ignite Poison
  5150 | D:4      | Noticed a bullfrog
  5151 | D:4      | Noticed a black bear
  5159 | D:4      | Killed a bullfrog
  5160 | D:4      | Reached skill level 6 in Poison Magic
  5160 | D:4      | Reached XP level 6. HP: 20/47 MP: 7/12
  5448 | D:4      | Gained mutation: Your body sometimes deteriorates upon
                  | taking damage. [evolution]
  5627 | D:5      | Entered Level 5 of the Dungeon
  5653 | D:5      | Slain by a water moccasin zombie

Illustrated notes

Levels and vault maps discovered:
D:1:      matt_arrival_diagonals, layout_loops_corners,
          shapermc_ecumenical_altar_mp_vishouse, serial_shops, shop
D:2:      layout_loops_ring, serial_shops, shop_fountains, serial_aquarium,
          aquarium_bridge_long_separate [aquarium_subvault_bridge,
          aquarium_subvault_balcony, aquarium_subvault_bridge,
          aquarium_subvault_wall, aquarium_subvault_bridge,
          aquarium_subvault_balcony], aquarium_bridge_straight
          [aquarium_subvault_bridge, aquarium_subvault_window,
          aquarium_subvault_bridge, aquarium_subvault_window],
          aquarium_window_2, aquarium_window_2, aquarium_window_fake,
          aquarium_window_fake, aquarium_view_2e, aquarium_view_2e,
          aquarium_balcony_1b, aquarium_pool_double, uniq_crazy_yiuf_cottage
D:3:      layout_basic, nicolae_overflow_hidden_temple, lemuel_old_faithful
D:4:      layout_basic, minmay_goblin_kobold_house
D:5:      layout_basic, minmay_hollow_rounded_squares, uniq_prince_ribbit1

Skill      XL: |  1  2  3  4  5 |
---------------+----------------+-----
Fighting       | 1 2 3 |  3.0
Spellcasting   | 3 4 |  4.0
Poison Magic   | 6 |  6.2
Dodging        | |  1.7
Stealth        | |  2.4
Transmutations | |  1.1

Action                   |  1- 3 |  4- 6 || total
-------------------------+-------+-------++-------
Melee: Unarmed           |    15 |       ||    15
       Whip              |    24 |    32 ||    56
 Cast: Sting             |    81 |    45 ||   126
       Poisonous Vapours |     3 |       ||     3
Evoke: Wand              |       |     1 ||     1
  Use: Potion            |       |     3 ||     3
 Stab: Sleeping          |     1 |       ||     1
Armor: Robe              |    11 |    12 ||    23
Dodge: Dodged            |    57 |    43 ||   100

Table legend: (Time is in decaauts)
 A = Elapsed time spent in this place.
 B = Non-inter-level travel time spent in this place.
 C = Inter-level travel time spent in this place.
 D = Time resting spent in this place.
 E = Time spent auto-exploring this place.
 F = Levels seen in this place.
 G = Mean time per level.
                   A        B        C        D        E       F      G
               +--------+--------+--------+--------+--------+-----+--------+
         Total |   5660 |   5576 |     84 |   1171 |   3884 |   5 | 1132.0 |
       Dungeon |   5660 |   5576 |     84 |   1171 |   3884 |   5 | 1132.0 |
               +--------+--------+--------+--------+--------+-----+--------+

Top non-repeatable levels by time:
     D:1: 2015 daAuts
     D:3: 1498 daAuts
     D:4: 1289 daAuts
     D:2: 830 daAuts
     D:5: 26 daAuts
